 Dungeon Crawl Stone Soup version 0.23.2-33-g5129a83184 (webtiles) character file.

Game seed: 854973033410282484

1 Revguard the Conjurer (level 1, -1/20 HPs)
             Began as a Gnoll Wanderer on July 26, 2019.
             Slain by a rat (2 damage)
             ... on level 1 of the Dungeon.
             The game lasted 00:00:59 (70 turns).

Revguard the Conjurer (Gnoll Wanderer)                Turns: 70, Time: 00:01:00

Health: -1/20      AC:  2    Str: 11    XL:     1   Next: 20%
Magic:  1/1        EV: 11    Int: 13    God:
Gold:   0          SH:  0    Dex: 18    Spells: 0/0 levels left

rFire    . . .     SeeInvis .   a - +0 dagger
rCold    . . .     Gourm    .   (no shield)
rNeg     . . .     Faith    .   d - +0 robe
rPois    .         Spirit   .   (no helmet)
rElec    .         Reflect  .   (no cloak)
rCorr    .         Harm     .   (no gloves)
MR       .....                  (no boots)
Stlth    ++........             (no amulet)
HPRegen  0.06/turn              (no ring)
MPRegen  0.07/turn              (no ring)

@: no status effects
A: distributed training, fangs 1, strong nose
a: no special abilities


You were on level 1 of the Dungeon.
You were not hungry.

You visited 1 branch of the dungeon, and saw 1 of its levels.

Inventory:

Hand Weapons
 a - a +0 dagger (weapon)
Armour
 d - a +0 robe (worn)
Comestibles
 f - a ration


   Skills:
 + Level 4.4 Fighting
 + Level 0.0 Short Blades
 + Level 0.0 Long Blades
 + Level 0.0 Axes
 + Level 2.3 Maces & Flails
 + Level 0.0 Polearms
 + Level 0.0 Staves
 + Level 0.0 Slings
 + Level 0.0 Bows
 + Level 0.0 Crossbows
 + Level 0.0 Throwing
 + Level 0.0 Armour
 + Level 0.0 Dodging
 + Level 2.1 Stealth
 + Level 2.3 Shields
 + Level 0.0 Unarmed Combat
 + Level 0.0 Spellcasting
 + Level 5.3 Conjurations
 + Level 0.0 Hexes
 + Level 0.0 Charms
 + Level 3.6 Summonings
 + Level 0.0 Necromancy
 + Level 0.0 Translocations
 + Level 0.0 Transmutations
 + Level 0.0 Fire Magic
 + Level 0.0 Ice Magic
 + Level 0.0 Air Magic
 + Level 0.0 Earth Magic
 + Level 0.0 Poison Magic
 + Level 0.0 Invocations
 + Level 0.0 Evocations


You couldn't memorise any spells.
You didn't know any spells.
Your spell library contained the following spells:

 Spells                   Type           Power        Failure   Level  Hunger
 Magic Dart               Conj           ##..         3%          1    ##.....
 Searing Ray              Conj           ##....       5%          2    ###....
 Sting                    Conj/Pois      #...         11%         1    ##.....
 Dazzling Spray           Conj/Hex       #.....       32%         3    ####...
 Iskenderun's Mystic Bla  Conj           ##......     34%         4    #####..
 Ignite Poison            Fire/Tmut/Pois #.......     67%         3    ####...
 Force Lance              Conj/Tloc      #.......     71%         4    #####..
 Fulminant Prism          Conj/Hex       #.........   71%         4    #####..


Dungeon Overview and Level Annotations

Branches:
Dungeon (1/15)

Altars:


Innate Abilities, Weirdness & Mutations

Your experience applies equally to all skills.
You have very sharp teeth.
Your uncanny sense of smell can sniff out nearby items.


Message History

You kill the rat!
You hit the rat. You bite the rat, but do no damage.
The rat is heavily wounded.
The rat bites you.
* * * LOW HITPOINT WARNING * * *
You hit the rat but do no damage.
The rat is heavily wounded.
The rat bites you.
* * * LOW HITPOINT WARNING * * *
Found a scroll labeled JOTHRECYUCH.
A hobgoblin comes into view. It is wielding a +0 club.
The hobgoblin shouts!
You see here a scroll labeled JOTHRECYUCH.
The hobgoblin hits you with a +0 club.
* * * LOW HITPOINT WARNING * * *
You hit the hobgoblin.
You bite the hobgoblin, but do no damage.
The hobgoblin is lightly wounded.
The rat bites you.
You die...

### ∆ ..# #.# ..#
#.. #.# #g# #@#
#######r#
.......g#######
#######........
#K#..........
#######.##....##....
...........##...#..#
. #######.####
#$.(.. .# #.#
#...###..


You could see 2 hobgoblins, a kobold and a rat.

Vanquished Creatures
  2 rats (D:1)
2 creatures vanquished.

Notes
Turn   | Place    | Note
-------+----------+-------------------------------------------
     0 | D:1      | Revguard the Gnoll Wanderer began the quest for the Orb.
     0 | D:1      | Revguard set off with the following items: a +0 dagger, a
                  | +0 buckler, a +0 robe, a ration; and the following spells
                  | available to memorise: Magic Dart, Searing Ray, Sting,
                  | Dazzling Spray, Iskenderun's Mystic Blast, Ignite Poison,
                  | Force Lance, Fulminant Prism
     0 | D:1      | Reached XP level 1. HP: 20/20 MP: 1/1
    69 | D:1      | HP: 1/20 [hobgoblin/+0 club (3)]
    70 | D:1      | Slain by a rat

Action                   || total
-------------------------++-------
Melee: Dagger            ||    15
       Bite              ||     3
Armor: Robe              ||     3
Dodge: Dodged            ||     5
